 Dungeon Sprint DCSS version 0.16-a0-66-gff12a3a (webtiles) character file.

846 BluebellGnoll the Basher (level 7, -28/72 HPs)
             Began as a Troll Hunter on Aug 7, 2014.
             Was a Follower of Okawaru.
             Annihilated by a hill giant
             ... wielding a +0 giant club
              (31 damage)
             ... in the Dungeon (Sprint IX: "|||||||||||||||||||||||||||||").
             The game lasted 00:03:42 (266 turns).

BluebellGnoll the Basher (Troll Hunter)              Turns: 266, Time: 00:03:42

HP -28/72        AC  7     Str 23      XL: 7   Next: 68%
MP   3/3         EV 14     Int  7      God: Okawaru [*.....]
Gold 0           SH  0     Dex 10      Spells:  0 memorised,  6 levels left

rFire  . . .     SeeInvis .     n - +2 dire flail (drain)
rCold  . . .     Clarity  .     d - +0 animal skin
rNeg   . . .     rCorr    .     (shield restricted)
rPois  .         rRot     .     (helmet restricted)
rElec  .         Spirit   .     (no cloak)
SustAb .         Warding  .     (gloves unavailable)
rMut   .         NoTele   +     (boots unavailable)
Gourm  +                        (no amulet)
MR     .....                    q - +2 ring of evasion
                                p - +2 ring of protection

@: not resistant to hostile enchantments, very unstealthy
A: unfitting armour, claws 3, fast metabolism 3, gourmand, regeneration 2,
saprovore 2, shaggy fur 1, tough skin 2
a: Heroism, Renounce Religion


You were in the Dungeon.
You worshipped Okawaru.
Okawaru was aware of your devotion.
You were very full.

You visited 1 branch

Inventory:

Hand weapons
 n - a +2 dire flail of draining (weapon)
 o - the +2 scimitar of Temperance {pain, rN+ Stlth--}
   (You found it in the Dungeon)

   In the hands of one skilled in necromantic magic, it inflicts extra damage on
   living creatures.
   It protects you from negative energy.
   It makes you much less stealthy.
Armour
 d - a +0 animal skin (worn)
Magical devices
 m - a wand of draining (5)
Comestibles
 a - 2 meat rations
Scrolls
 j - 2 scrolls of blinking
 k - 3 scrolls of remove curse
 l - 2 scrolls of amnesia
Jewellery
 p - a +2 ring of protection (left claw)
 q - a +2 ring of evasion (right claw)
Potions
 e - 5 potions of curing
 f - 2 potions of heal wounds
 g - a potion of invisibility
 h - 4 potions of magic
 i - a potion of berserk rage


   Skills:
 - Level 5.1 Fighting
 - Level 11.1 Maces & Flails
 - Level 6.9 Throwing
 + Level 6.7 Dodging
 - Level 0.4 Stealth
 - Level 1.0 Unarmed Combat


You had 6 spell levels left.
You didn't know any spells.

Dungeon Overview and Level Annotations

Branches:
Dungeon (1/1)

Altars:
Cheibriados
Dithmenos
Elyvilon
Fedhas
Gozag
Kikubaaqudgha
Makhleb
Nemelex Xobeh
Okawaru
Qazlal
Sif Muna
Trog
Vehumet
Xom
Yredelemnul
Zin
The Shining One
Beogh
Jiyva
Lugonu


Innate Abilities, Weirdness & Mutations

You are too large for most types of armour.
You have claws for hands.
Your metabolism is lightning-fast.
You like to eat raw meat.
You heal very quickly.
You can eat rotten meat.
You are covered in fur (AC +1).
You have very tough skin (AC +2).


Message History

The hill giant is almost dead.
The bolt of negative energy hits something.
The bolt of negative energy misses the orc warrior.
This wand has 5 charges left.
The hill giant hits you with a giant club!
You completely miss the hill giant.
The hill giant is severely wounded.
You hit the hill giant.
The hill giant is almost dead.
The hill giant barely misses you.
You thump the hill giant!
The hill giant is almost dead.
The hill giant hits you with a giant club!!
* * * LOW HITPOINT WARNING * * *
You barely miss the hill giant.
The hill giant is almost dead.
You barely miss the hill giant.
The hill giant is almost dead.
The hill giant hits you with a giant club!!
You die... ▓▓▓▓▓▓▓▓▓▓▓▓▓▓▓▓▓▓ ...['.....%..o(C@▓ ▓▓▓▓▓▓▓▓▓▓▓▓▓▓▓▓▓▓

You could see a hill giant and an orc warrior.

Vanquished Creatures
  A gargoyle (D)
  A two-headed ogre (D)
  An orc warrior (D)
  A black bear (D)
  An eye of draining (D)
  A crimson imp (D)
  An orc wizard (D)
  A worker ant (D)
  An adder (D)
  A ball python (D)
  A giant cockroach (D)
  A hobgoblin (D)
  2 bats (D)
  A goblin zombie (D)
  3 rats (D)
18 creatures vanquished.

Notes
Turn   | Place    | Note
--------------------------------------------------------------
     0 | D        | BluebellGnoll, the Troll Hunter, began the quest for the Orb.
     0 | D        | Reached XP level 1. HP: 19/19 MP: 1/1
     8 | D        | Reached skill level 4 in Throwing
    34 | D        | Noticed a crimson imp
    34 | D        | Noticed an orc wizard
    34 | D        | Noticed a worker ant
    45 | D        | Killed an orc wizard
    45 | D        | Reached skill level 6 in Throwing
    45 | D        | Reached XP level 2. HP: 22/27 MP: 1/1
    45 | D        | Reached XP level 3. HP: 26/33 MP: 2/2
    48 | D        | Killed a crimson imp
    48 | D        | Reached XP level 4. HP: 33/48 MP: 2/2
    52 | D        | Killed a worker ant
    52 | D        | Reached skill level 5 in Fighting
   100 | D        | Found a glowing silver altar of Zin.
   100 | D        | Found a glowing golden altar of the Shining One.
   100 | D        | Found an ancient bone altar of Kikubaaqudgha.
   100 | D        | Found a basalt altar of Yredelemnul.
   100 | D        | Found a shimmering altar of Xom.
   100 | D        | Found a radiant altar of Vehumet.
   100 | D        | Found an iron altar of Okawaru.
   101 | D        | Found a burning altar of Makhleb.
   102 | D        | Found a deep blue altar of Sif Muna.
   103 | D        | Found a bloodstained altar of Trog.
   104 | D        | Found a sparkling altar of Nemelex Xobeh.
   105 | D        | Found a white marble altar of Elyvilon.
   106 | D        | Found a roughly hewn altar of Beogh.
   107 | D        | Found a viscous altar of Jiyva.
   108 | D        | Found a corrupted altar of Lugonu.
   109 | D        | Became a worshipper of Warmaster Okawaru
   131 | D        | Found a blossoming altar of Fedhas.
   132 | D        | Found a snail-covered altar of Cheibriados.
   133 | D        | Found a shadowy altar of Dithmenos.
   134 | D        | Found a stormy altar of Qazlal.
   135 | D        | Found an opulent altar of Gozag.
   153 | D        | Got the +2 scimitar of Temperance {pain, rN+ Stlth--}
   164 | D        | Noticed a black bear
   164 | D        | Noticed an eye of draining
   164 | D        | Noticed an orc warrior
   164 | D        | Noticed a two-headed ogre
   165 | D        | Reached skill level 1 in Maces & Flails
   167 | D        | Killed a two-headed ogre
   167 | D        | Reached skill level 8 in Maces & Flails
   167 | D        | Reached XP level 5. HP: 57/57 MP: 0/2
   167 | D        | Reached XP level 6. HP: 66/66 MP: 0/3
   172 | D        | Killed an eye of draining
   172 | D        | Reached skill level 9 in Maces & Flails
   174 | D        | Killed an orc warrior
   174 | D        | Acquired Okawaru's first power
   174 | D        | Reached skill level 10 in Maces & Flails
   176 | D        | Killed a black bear
   176 | D        | Reached skill level 11 in Maces & Flails
   176 | D        | Reached XP level 7. HP: 72/72 MP: 0/3
   192 | D        | Noticed an eye of draining
   192 | D        | Noticed an orc warrior
   192 | D        | Noticed a hill giant
   192 | D        | Noticed a gargoyle
   194 | D        | Killed a gargoyle
   264 | D        | HP: 2/72 [hill giant/giant club (24)]
   266 | D        | Annihilated by a hill giant

Action                   |  1- 3 |  4- 6 |  7- 9 || total
-------------------------+-------+-------+-------++-------
Melee: Unarmed           |    19 |     5 |       ||    24
       Dire flail        |       |     5 |     7 ||    12
Throw: Large rock        |     3 |     7 |     4 ||    14
       Throwing net      |       |       |     3 ||     3
Evoke: Wand              |       |     1 |     1 ||     2
  Use: Potion            |     1 |       |     1 ||     2
  Eat: Chunk             |     2 |     4 |       ||     6
